 Dungeon Crawl Stone Soup version 0.22-a0-322-g60b3cfd (webtiles) character file.

241 xccam the Cutter (level 6, -5/50 HPs)
             Began as a Gnoll Wanderer on Apr 3, 2018.
             Slain by Nr616's ghost (11 damage)
             ... on level 3 of the Dungeon.
             The game lasted 00:07:07 (2385 turns).

xccam the Cutter (Gnoll Wanderer)                   Turns: 2385, Time: 00:07:08

Health: -5/50      AC:  9    Str: 13    XL:     6   Next: 8%
Magic:  10/10      EV: 11    Int: 18    God:
Gold:   112        SH: 11    Dex: 16    Spells: 11/11 levels left

rFire    . . .     SeeInvis .   o - +1 short sword (venom)
rCold    . . .     Gourm    .   g - +2 buckler
rNeg     . . .     Faith    .   m - +0 ring mail
rPois    .         Spirit   .   i - +1 hat
rElec    .         Reflect  +   n - +0 cloak
rCorr    .         Harm     .   (no gloves)
MR       .....                  a - +0 pair of boots
Stlth    ++........             q - +4 amulet of reflection
HPRegen  0.16/turn              (no ring)
MPRegen  0.12/turn              (no ring)

@: no status effects
A: distributed training, fangs 1, agile 1, shaggy fur 1, strong nose
a: no special abilities


You were on level 3 of the Dungeon.
You were hungry.

You visited 1 branch of the dungeon, and saw 3 of its levels.

You collected 112 gold pieces.

Inventory:

Hand Weapons
 o - a +1 short sword of venom (weapon)
Missiles
 b - 3 exploding tomahawks
 l - 4 javelins (quivered)
Armour
 a - a +0 pair of boots (worn)
 g - a +2 buckler (worn)
 i - a +1 hat (worn)
 m - a +0 ring mail (worn)
 n - a +0 cloak (worn)
Jewellery
 q - a +4 amulet of reflection (around neck)
Scrolls
 d - a scroll of amnesia {unknown}
 j - 2 scrolls of fog {unknown}
 p - a scroll of blinking {unknown}
 r - 2 scrolls of teleportation {unknown}
 s - a scroll of identify {unknown}
 t - a scroll of enchant armour {unknown}
Comestibles
 f - 6 rations


   Skills:
 + Level 4.9 Fighting
 + Level 4.9 Short Blades
 + Level 1.7 Long Blades
 + Level 1.7 Axes
 + Level 1.7 Maces & Flails
 + Level 1.7 Polearms
 + Level 1.7 Staves
 + Level 1.7 Slings
 + Level 1.7 Bows
 + Level 1.7 Crossbows
 + Level 1.7 Throwing
 + Level 1.7 Armour
 + Level 1.7 Dodging
 + Level 2.9 Stealth
 + Level 3.1 Shields
 + Level 1.7 Unarmed Combat
 + Level 3.3 Spellcasting
 + Level 1.3 Conjurations
 + Level 1.3 Hexes
 + Level 1.3 Charms
 + Level 1.3 Summonings
 + Level 1.3 Necromancy
 + Level 4.0 Translocations
 + Level 1.3 Transmutations
 + Level 1.3 Fire Magic
 + Level 1.3 Ice Magic
 + Level 1.3 Air Magic
 + Level 1.3 Earth Magic
 + Level 1.3 Poison Magic
 + Level 2.0 Invocations
 + Level 3.1 Evocations


You had 11 spell levels left.
You didn't know any spells.

Dungeon Overview and Level Annotations

Branches:
Dungeon (3/15)

Altars:
Dithmenos

Annotations:
D:3 Nr616's ghost, amateur MfGl


Innate Abilities, Weirdness & Mutations

Your experience applies equally to all skills.
You have very sharp teeth.
Your uncanny sense of smell can sniff out nearby items.
You are agile. (Dex +2)
You are covered in fur. (AC +1)


Message History

Nr616's ghost is almost destroyed.
You block Nr616's ghost's attack.
You hit Nr616's ghost but do no damage.
Nr616's ghost is almost destroyed.
You block Nr616's ghost's attack.
It was a potion of mutation.
You feel extremely strange.
You feel agile. Fur sprouts all over your body.
You block Nr616's ghost's attack.
It was a potion of cancellation.
Your magical effects are unravelling.
You feel magically purged.
You feel less wooden.
Your +0 cloak unmelds from your body.
Your +1 hat unmelds from your body.
Your +0 pair of boots unmelds from your body.
Your +0 ring mail unmelds from your body.
Nr616's ghost hits you but does no damage.
You closely miss Nr616's ghost.
Nr616's ghost is almost destroyed.
Nr616's ghost hits you!
You die...

.....'..### #..#.#(...###
###.. #..#.#......# .....
.....#......## #.....
#..#.#.......# ......
#..#.#......(## #....
.....#........# ...
...#.###'######+#W#
...#.........##.@.# #...##
...#..##.###.##...# #....#
......##.###.###..#. #....#
.............###..#.##....####
.............................
......##.###.###....##.....#
#..........................#
#.....#..###........##.<...#
.....#.....................#


You could see Nr616's ghost.

Vanquished Creatures
  Sigmund (D:3)
  Robin (D:3)
  An ooze (D:2)
  A leopard gecko (D:1)
  4 orcs (D:3)
  A ball python (D:2)
  7 bats
  2 giant cockroaches (D:1)
  7 hobgoblins
  5 jackals (D:2)
  8 kobolds
  3 quokkas
  3 frilled lizards
  11 goblins
  8 rats
63 creatures vanquished.

Notes
Turn   | Place    | Note
-------+----------+-------------------------------------------
     0 | D:1      | xccam the Gnoll Wanderer began the quest for the Orb.
     0 | D:1      | xccam set off with: a +0 short sword, a potion of curing, a +0 robe, a ration
     0 | D:1      | Reached XP level 1. HP: 20/20 MP: 4/4
   339 | D:1      | Reached XP level 2. HP: 19/26 MP: 5/5
  1031 | D:1      | Reached XP level 3. HP: 31/31 MP: 7/7
  1422 | D:2      | Reached skill level 1 in Invocations
  1437 | D:2      | Found a shadowy altar of Dithmenos.
  1765 | D:3      | Reached skill level 1 in Long Blades
  1765 | D:3      | Reached skill level 1 in Axes
  1765 | D:3      | Reached skill level 1 in Maces & Flails
  1765 | D:3      | Reached skill level 1 in Polearms
  1765 | D:3      | Reached skill level 1 in Staves
  1765 | D:3      | Reached skill level 1 in Slings
  1765 | D:3      | Reached skill level 1 in Bows
  1765 | D:3      | Reached skill level 1 in Crossbows
  1765 | D:3      | Reached skill level 1 in Throwing
  1765 | D:3      | Reached skill level 1 in Armour
  1765 | D:3      | Reached skill level 1 in Dodging
  1765 | D:3      | Reached skill level 1 in Unarmed Combat
  1771 | D:3      | Reached XP level 4. HP: 30/38 MP: 8/8
  1857 | D:3      | Noticed Sigmund
  1874 | D:3      | Killed Sigmund
  1874 | D:3      | Reached skill level 1 in Conjurations
  1874 | D:3      | Reached skill level 1 in Hexes
  1874 | D:3      | Reached skill level 1 in Charms
  1874 | D:3      | Reached skill level 1 in Summonings
  1874 | D:3      | Reached skill level 1 in Necromancy
  1874 | D:3      | Reached skill level 1 in Transmutations
  1874 | D:3      | Reached skill level 1 in Fire Magic
  1874 | D:3      | Reached skill level 1 in Ice Magic
  1874 | D:3      | Reached skill level 1 in Air Magic
  1874 | D:3      | Reached skill level 1 in Earth Magic
  1874 | D:3      | Reached skill level 1 in Poison Magic
  1874 | D:3      | Reached XP level 5. HP: 43/43 MP: 9/9
  1881 | D:3      | Noticed Robin
  1909 | D:3      | Reached XP level 6. HP: 49/50 MP: 10/10
  1921 | D:3      | Killed Robin
  2062 | D:3      | Noticed Nr616's ghost (amateur MfGl)
  2357 | D:3      | HP: 1/50 [Nr616's ghost (12)]
  2383 | D:3      | Gained mutation: You are agile. (Dex +2) [potion of mutation]
  2383 | D:3      | Gained mutation: You are covered in fur. (AC +1) [potion of mutation]
  2385 | D:3      | Slain by Nr616's ghost

Vault maps used:
D:1:      onia_arrival_larder, minmay_close_crescents
D:2:      nicolae_dithmenos_through_a_glass_darkly
D:3:      minmay_overflow_temple_star_quad, uniq_robin, uniq_sigmund

Skill      XL: |  1  2  3  4  5  6 |
---------------+-------------------+-----
Invocations    | 1 2 |  2.0
Long Blades    | 1 |  1.7
Axes           | 1 |  1.7
Maces & Flails | 1 |  1.7
Polearms       | 1 |  1.7
Staves         | 1 |  1.7
Slings         | 1 |  1.7
Bows           | 1 |  1.7
Crossbows      | 1 |  1.7
Throwing       | 1 |  1.7
Armour         | 1 |  1.7
Dodging        | 1 |  1.7
Unarmed Combat | 1 |  1.7
Shields        | 3 |  3.1
Spellcasting   | 3 |  3.3
Conjurations   | 1 |  1.3
Hexes          | 1 |  1.3
Charms         | 1 |  1.3
Summonings     | 1 |  1.3
Necromancy     | 1 |  1.3
Translocations | 4 |  4.0
Transmutations | 1 |  1.3
Fire Magic     | 1 |  1.3
Ice Magic      | 1 |  1.3
Air Magic      | 1 |  1.3
Earth Magic    | 1 |  1.3
Poison Magic   | 1 |  1.3
Evocations     | 3 |  3.1
Fighting       | |  4.9
Short Blades   | |  4.9
Stealth        | |  2.9

Action                   |  1- 3 |  4- 6 || total
-------------------------+-------+-------++-------
Melee: Short sword       |   144 |   116 ||   260
       Bite              |    13 |    11 ||    24
  Use: Potion            |       |     6 ||     6
 Stab: Sleeping          |     8 |       ||     8
  Eat: Chunk             |     2 |     2 ||     4
Armor: Robe              |     8 |       ||     8
       Ring mail         |    24 |    25 ||    49
       Skin              |       |     8 ||     8
Dodge: Dodged            |    50 |    29 ||    79
Block: Buckler           |    41 |    57 ||    98

Table legend:
 A = Spawn XP
 B = Non-spawn XP
 C = Spawn XP percentage of total XP
 D = Spawn monster count
 E = Non-spawn monster count
 F = Spawn count percentage of total count
 G = Total turns spent on level
                    A         B        C        D         E        F      G
               +---------+---------+-------+---------+---------+-------+---------
         Total |       0 |     345 |   0.0 |       0 |      63 |   0.0 |  2385
               +---------+---------+-------+---------+---------+-------+---------
           D:1 |       0 |      39 |   0.0 |       0 |      26 |   0.0 |  1192
           D:2 |       0 |      35 |   0.0 |       0 |      18 |   0.0 |   582
           D:3 |       0 |     271 |   0.0 |       0 |      19 |   0.0 |   611
               +---------+---------+-------+---------+---------+-------+---------
